[Event "Titled Tuesday Blitz July 11 Early 2023"]
[White "Vovk, Orest"]
[Black "Haitin, Ilja"]
[WhiteFideId "14113490"]
[BlackFideId "4501764"]
[WhiteElo "2550"]
[BlackElo "2365"]
[Result "0-1"]
[Round "5"]
[TimeControl "180+2"]
[Date "2023.07.11"]
[WhiteClock "0:00:00"]
[BlackClock "0:00:24"]
[Board "137"]

1. g4 d5 2. h3 e5 3. Bg2 c6 4. d4 e4 5. c4 Be6 6. Nc3 h5 7. Qb3 Qb6 8. g5 h4 9. Bf4 Nd7 10. c5 Qxb3 11. axb3 a6 12. b4 Rc8 13. e3 Ne7 14. f3 exf3 15. Nxf3 Ng6 16. Bh2 Be7 17. Kd2 Rh5 18. Bf4 Nxf4 19. exf4 Bf5 20. Ne5 f6 21. Bf3 Rh8 22. Bg4 Bxg4 23. Nxg4 fxg5 24. f5 Bf6 25. Kd3 Kf7 26. b5 axb5 27. Ra7 Rc7 28. Re1 Re8 29. Rxe8 Kxe8 30. Ra8+ Kf7 31. Ne2 b6 32. cxb6 Nxb6 33. Ra6 Nc4 34. b3 Nd6 35. Ne5+ Bxe5 36. dxe5 Nxf5 37. Nd4 Nxd4 38. Kxd4 Ke6 39. b4 g6 40. Ra8 Rh7 41. Re8+ Kd7 42. Rg8 g4 43. Rxg6 gxh3 44. Rg1 h2 45. Rh1 Ke6 46. Rxh2 Rh6 47. Rh3 Kf5 48. Rh1 h3 49. Rf1+ Ke6 50. Rh1 h2 51. Ke3 Kxe5 52. Kf2 d4 53. Kg2 Kd5 54. Rc1 h1=Q+ 0-1


[Site "https://www.chess.com"]

[Event "Titled Tuesday Blitz July 11 Early 2023"]
[White "Slavin, Alexey"]
[Black "Orlov, Georgi"]
[WhiteFideId "24104388"]
[BlackFideId "2011271"]
[WhiteElo "2356"]
[BlackElo "2545"]
[Result "0-1"]
[Round "5"]
[TimeControl "180+2"]
[Date "2023.07.11"]
[WhiteClock "0:00:00"]
[BlackClock "0:00:30"]
[Board "138"]

1. e4 d6 2. d4 Nf6 3. Nc3 g6 4. Be3 Bg7 5. Qd2 Ng4 6. Bg5 h6 7. Bh4 c6 8. f3 Nf6 9. Nge2 b5 10. a3 Bb7 11. g4 a6 12. Bg3 Nbd7 13. h4 c5 14. h5 cxd4 15. Nxd4 gxh5 16. Nf5 Bf8 17. gxh5 Rc8 18. O-O-O Qc7 19. Kb1 Nb6 20. Bh4 Nfd7 21. Rg1 Ne5 22. Be2 Nbc4 23. Bxc4 Nxc4 24. Qd4 e5 25. Qe3 Nxe3 26. Nxe3 Qc5 27. Nf5 b4 28. axb4 Qxb4 29. Rd3 a5 30. Bf6 Rh7 31. Rgd1 Rc6 32. Nd5 Qc4 33. Rc3 Qe2 34. Rdd3 Rxc3 35. Rxc3 Bxd5 36. exd5 Kd7 37. Rc6 Qd1+ 38. Ka2 Qxd5+ 0-1


[Site "https://www.chess.com"]

[Event "Titled Tuesday Blitz July 11 Early 2023"]
[White "Kumala, Aleksander"]
[Black "Skuhala, Barbara"]
[WhiteFideId "1141880"]
[BlackFideId "14605465"]
[WhiteElo "2540"]
[BlackElo "2337"]
[Result "1-0"]
[Round "5"]
[TimeControl "180+2"]
[Date "2023.07.11"]
[WhiteClock "0:01:39"]
[BlackClock "0:01:32"]
[Board "139"]

1. d4 Nf6 2. Bg5 c5 3. d5 e6 4. e4 d6 5. Nc3 Nbd7 6. f4 h6 7. Bh4 Qa5 8. dxe6 fxe6 9. Bb5 Be7 10. Bxf6 Bxf6 11. Qh5+ Kf8 12. Bxd7 Bxd7 13. e5 Be8 14. Qe2 dxe5 15. fxe5 Bg5 16. Nf3 Qa6 17. Qf2 Kg8 18. Nxg5 hxg5 19. Qxc5 Bg6 20. O-O-O b6 21. Qe7 Qc8 22. Qxg5 Qe8 23. g4 Rc8 24. h4 b5 25. h5 Bxc2 26. Kxc2 b4 27. h6 g6 28. h7+ Rxh7 29. Rxh7 Kxh7 30. Rh1+ Kg8 31. Qf6 1-0


[Site "https://www.chess.com"]

[Event "Titled Tuesday Blitz July 11 Early 2023"]
[White "Shubenkova, Veronika"]
[Black "Todorovic, Bojan"]
[WhiteFideId "44124040"]
[BlackFideId "917087"]
[WhiteElo "2538"]
[BlackElo "2324"]
[Result "1-0"]
[Round "5"]
[TimeControl "180+2"]
[Date "2023.07.11"]
[WhiteClock "0:01:14"]
[BlackClock "0:00:33"]
[Board "140"]

1. e4 g6 2. d4 Bg7 3. c4 d6 4. Nc3 Nf6 5. f3 O-O 6. Be3 Nc6 7. Qd2 a6 8. Bd3 e5 9. d5 Nd4 10. Nge2 c5 11. O-O-O b5 12. Bxd4 cxd4 13. Nb1 bxc4 14. Bxc4 Bd7 15. Na3 Qb6 16. Kb1 Bb5 17. Rc1 Nd7 18. Ka1 Nc5 19. g4 Rfc8 20. Rc2 Rab8 21. Rhc1 Bf6 22. Ng3 Ba4 23. b3 Bd7 24. Bf1 Qd8 25. Rb1 Bg5 26. Qd1 Qa5 27. Nc4 Qc7 28. Nh1 a5 29. Nf2 a4 30. b4 d3 31. Nxd3 Nxd3 32. Bxd3 Bb5 33. Na3 Bxd3 34. Rxc7 Bxb1 35. Rxc8+ Rxc8 36. Kxb1 1-0


[Site "https://www.chess.com"]

[Event "Titled Tuesday Blitz July 11 Early 2023"]
[White "Wernberg, Hugo"]
[Black "Yurovskykh, Oleksandr"]
[WhiteFideId "1737511"]
[BlackFideId "14134020"]
[WhiteElo "2323"]
[BlackElo "2526"]
[Result "0-1"]
[Round "5"]
[TimeControl "180+2"]
[Date "2023.07.11"]
[WhiteClock "0:00:00"]
[BlackClock "0:00:07"]
[Board "141"]

1. d4 d5 2. c4 e6 3. Nf3 Nf6 4. g3 Bb4+ 5. Bd2 Be7 6. Bg2 O-O 7. O-O c6 8. Bc3 Nbd7 9. Nbd2 b6 10. b4 Bb7 11. Rb1 Rc8 12. c5 Qc7 13. Re1 Ba6 14. e4 Bd3 15. e5 Ne4 16. Rc1 Nxc3 17. Rxc3 Bg6 18. Qa4 Rb8 19. Nb3 bxc5 20. bxc5 Rfe8 21. Bh3 Rb5 22. Bf1 Rbb8 23. Na5 Rec8 24. Rb3 Rxb3 25. axb3 Nb8 26. b4 a6 27. Nb3 Bc2 28. Nfd2 f6 29. exf6 Bxf6 30. Rxe6 Bxd4 31. Qa2 Bxb3 32. Nxb3 Bf6 33. Bh3 Rf8 34. Na5 Bd4 35. Re2 g6 36. Nb3 Bc3 37. Be6+ Kg7 38. Qc2 Bf6 39. Qd3 Re8 40. Nd4 Re7 41. Bh3 Rxe2 42. Nxe2 Qe5 43. Nf4 Qc3 44. Ne6+ Kf7 45. Qe2 Qa1+ 46. Kg2 Qe5 47. Qxe5 Bxe5 48. Nd8+ Ke7 0-1


[Site "https://www.chess.com"]

[Event "Titled Tuesday Blitz July 11 Early 2023"]
[White "Szente Varga, Fruzsina"]
[Black "Goltseva, Ekaterina"]
[WhiteFideId "712264"]
[BlackFideId "24173770"]
[WhiteElo "2318"]
[BlackElo "2515"]
[Result "0-1"]
[Round "5"]
[TimeControl "180+2"]
[Date "2023.07.11"]
[WhiteClock "0:00:00"]
[BlackClock "0:00:17"]
[Board "142"]

1. e4 e6 2. d4 d5 3. Nd2 c5 4. exd5 Qxd5 5. Ngf3 cxd4 6. Bc4 Qd6 7. O-O Nc6 8. Nb3 Nf6 9. Bb5 Bd7 10. Nbxd4 Nxd4 11. Bxd7+ Qxd7 12. Qxd4 Qxd4 13. Nxd4 Bc5 14. Nb3 Bb6 15. a4 a6 16. a5 Ba7 17. Bd2 Ne4 18. Bb4 Rc8 19. c3 Nc5 20. Nxc5 Bxc5 21. Bxc5 Rxc5 22. Rfd1 Ke7 23. Rd3 Rd8 24. Rxd8 Kxd8 25. Kf1 Rd5 26. Ke2 Kc7 27. Ra4 Kc6 28. Rc4+ Kd7 29. b4 e5 30. Rh4 h6 31. Rg4 g6 32. c4 Rd6 33. Re4 Re6 34. Kd3 f5 35. Rh4 g5 36. Rh3 Rd6+ 37. Kc3 e4 38. b5 f4 39. Kb4 Re6 40. Kc3 e3 41. fxe3 fxe3 42. bxa6 bxa6 43. Rf3 e2 44. Rd3+ Kc6 45. Rd5 e1=Q+ 46. Kb3 Re3+ 0-1


[Site "https://www.chess.com"]

[Event "Titled Tuesday Blitz July 11 Early 2023"]
[White "Novikov, Evgenij"]
[Black "Mikhaylova, Irina"]
[WhiteFideId "4125380"]
[BlackFideId "4109040"]
[WhiteElo "2483"]
[BlackElo "2288"]
[Result "1-0"]
[Round "5"]
[TimeControl "180+2"]
[Date "2023.07.11"]
[WhiteClock "0:00:13"]
[BlackClock "0:00:17"]
[Board "143"]

1. d4 Nf6 2. c4 g6 3. Nc3 d5 4. cxd5 Nxd5 5. Bd2 Bg7 6. e4 Nxc3 7. Bxc3 c6 8. Be2 O-O 9. Nf3 Bg4 10. O-O Nd7 11. h3 Bxf3 12. Bxf3 e5 13. d5 cxd5 14. exd5 Rc8 15. d6 b6 16. Bb7 Rb8 17. Bd5 Re8 18. Rc1 Nc5 19. Re1 Ne6 20. Bc6 Rf8 21. Bxe5 Bxe5 22. Rxe5 Qf6 23. Re3 Rbd8 24. Rf3 Qxb2 25. Rcc3 Qb4 26. Rcd3 Qh4 27. a4 Qc4 28. Bb5 Qc5 29. d7 Qe7 30. Rfe3 Kg7 31. Qa1+ Qf6 32. Qa3 Nc5 33. Rd1 Qf4 34. Rf3 Qe5 35. a5 h5 36. axb6 axb6 37. Re3 Qf6 38. Rf3 Qe5 39. Re3 Qf6 40. Rd5 Ne6 41. Rf3 Qg5 42. Rxg5 Nxg5 43. Qc3+ Kh7 44. Re3 Ne6 45. Rxe6 fxe6 46. Qe3 Rf6 47. Qxb6 Kg7 48. Qxd8 Rf8 49. Qxf8+ Kxf8 50. d8=Q+ Kf7 51. Be8+ 1-0


[Site "https://www.chess.com"]

[Event "Titled Tuesday Blitz July 11 Early 2023"]
[White "Ocelak, Jakub"]
[Black "tomobeast"]
[WhiteFideId "23707933"]
[WhiteElo "2464"]
[BlackElo "2281"]
[Result "1-0"]
[Round "5"]
[TimeControl "180+2"]
[Date "2023.07.11"]
[WhiteClock "0:02:24"]
[BlackClock "0:01:45"]
[Board "144"]

1. d4 Nf6 2. Nc3 d5 3. Bf4 Bf5 4. e3 e6 5. Bd3 Bxd3 6. cxd3 Bd6 7. Qb3 b6 8. Nge2 O-O 9. O-O c5 10. Bxd6 Qxd6 11. dxc5 Qxc5 12. Rfc1 Qd6 13. Nb5 Qe7 14. Nc7 Nbd7 15. Nxa8 Rxa8 16. d4 Nc5 17. dxc5 1-0


[Site "https://www.chess.com"]

[Event "Titled Tuesday Blitz July 11 Early 2023"]
[White "Peiris, T G M"]
[Black "Rodriguez Fontecha, Marcos"]
[WhiteFideId "9901310"]
[BlackFideId "2256576"]
[WhiteElo "2226"]
[BlackElo "2451"]
[Result "0-1"]
[Round "5"]
[TimeControl "180+2"]
[Date "2023.07.11"]
[WhiteClock "0:00:00"]
[BlackClock "0:00:11"]
[Board "145"]

1. e4 c5 2. c3 e6 3. d4 d5 4. e5 Nc6 5. Be3 Qb6 6. Qd2 f6 7. f4 fxe5 8. fxe5 cxd4 9. cxd4 Nge7 10. Bd3 Nb4 11. Be2 Nf5 12. Bf2 Bd7 13. Nf3 Be7 14. O-O O-O 15. Nc3 Rac8 16. Rac1 Nc6 17. a3 Na5 18. Qe1 Qxb2 19. Nxd5 Rxc1 20. Nxe7+ Nxe7 21. Qxc1 Qxe2 22. Qc7 Qb5 23. Be1 Nc4 24. Bb4 Rc8 25. Qxc8+ Bxc8 26. Bxe7 Ne3 27. Re1 Nf5 28. Bb4 Qd3 29. Rc1 Bd7 30. Rc7 Nxd4 0-1


[Site "https://www.chess.com"]

[Event "Titled Tuesday Blitz July 11 Early 2023"]
[White "Atanasov, Radislav"]
[Black "Herman, Daniel"]
[WhiteFideId "2901471"]
[BlackFideId "30935008"]
[WhiteElo "2205"]
[BlackElo "2439"]
[Result "1-0"]
[Round "5"]
[TimeControl "180+2"]
[Date "2023.07.11"]
[WhiteClock "0:00:20"]
[BlackClock "0:00:00"]
[Board "146"]

1. e4 e5 2. Nf3 Nc6 3. Bb5 a6 4. Ba4 Nf6 5. O-O Nxe4 6. d4 d5 7. dxe5 Bc5 8. Nbd2 Nxf2 9. Rxf2 O-O 10. Bxc6 bxc6 11. Nf1 Bxf2+ 12. Kxf2 f6 13. Kg1 fxe5 14. Nxe5 Qh4 15. Nf3 Qh5 16. Ng3 Qg6 17. Be3 Bg4 18. Bc5 Rfe8 19. Qd4 Bxf3 20. gxf3 Qxc2 21. Rf1 Re6 22. Rf2 Qb1+ 23. Kg2 Rae8 24. f4 Re1 25. f5 Rg1+ 26. Kh3 Rd1 27. f6 gxf6 28. Qxf6 Qg6 29. Qf8+ Rxf8 30. Rxf8+ Kg7 31. Nf5+ Qxf5+ 32. Rxf5 Kg6 33. Rf4 Rc1 34. b4 Rc3+ 35. Kg2 Rc2+ 36. Rf2 Rc3 37. Rf6+ Kg5 38. Rxc6 Rc2+ 39. Kg3 Rc3+ 40. Kf2 Rc2+ 41. Kf3 Rxa2 42. Be3+ Kf5 43. Rxc7 Rxh2 44. Rf7+ Ke6 45. Ra7 Rh3+ 46. Ke2 Rh2+ 47. Kd3 Rb2 48. Rxa6+ Kf5 49. Kc3 Re2 50. Bd4 Rf2 51. Rf6+ 1-0


[Site "https://www.chess.com"]

[Event "Titled Tuesday Blitz July 11 Early 2023"]
[White "Wesolowska, Hanna"]
[Black "JonSnowNW1"]
[WhiteFideId "1104683"]
[WhiteElo "2168"]
[BlackElo "2429"]
[Result "0-1"]
[Round "5"]
[TimeControl "180+2"]
[Date "2023.07.11"]
[WhiteClock "0:00:34"]
[BlackClock "0:00:39"]
[Board "147"]

1. e4 c5 2. Nc3 d6 3. g3 g6 4. d3 Bg7 5. Be3 Nc6 6. Qd2 Rb8 7. Bg2 b5 8. Nd1 a5 9. c3 b4 10. Ne2 a4 11. a3 bxc3 12. Ndxc3 Qa5 13. d4 cxd4 14. Nxd4 Ne5 15. Nd5 Qxd2+ 16. Kxd2 Nc4+ 17. Kd3 Nxe3 18. Kxe3 e6 19. Nc7+ Kd7 20. Ncb5 Ba6 21. Nc3 Nf6 22. Nxa4 Ng4+ 23. Kf4 h5 24. h3 Bh6+ 25. Kf3 Ne5# 0-1


[Site "https://www.chess.com"]

[Event "Titled Tuesday Blitz July 11 Early 2023"]
[White "Omariev, Maksim"]
[Black "Ishowmoves57"]
[WhiteFideId "4193423"]
[WhiteElo "2424"]
[BlackElo "2135"]
[Result "0-1"]
[Round "5"]
[TimeControl "180+2"]
[Date "2023.07.11"]
[WhiteClock "0:00:00"]
[BlackClock "0:00:08"]
[Board "148"]

1. d4 Nf6 2. Bf4 d5 3. e3 e6 4. c3 Bd6 5. Nd2 O-O 6. Ngf3 c5 7. Ne5 Qc7 8. Ndf3 Nbd7 9. Nd3 Bxf4 10. Nxf4 b6 11. Be2 Bb7 12. Nd3 Ne4 13. O-O Rae8 14. Nfe5 Nxe5 15. Nxe5 f6 16. Nd3 c4 17. Nf4 Qd8 18. Bh5 Re7 19. Bg4 f5 20. Bf3 g5 21. Ne2 Nf6 22. Ng3 g4 23. Be2 h5 24. f3 Rg7 25. e4 gxf3 26. Bxf3 h4 27. e5 hxg3 28. exf6 gxh2+ 29. Kh1 Rxf6 30. Qe2 Bc8 31. Rae1 Rfg6 32. Qe5 Bd7 33. Re2 Qf6 34. Qb8+ Qf8 35. Qxa7 b5 36. Qa5 Qf6 37. Qc7 Qg5 38. Qe5 Qg3 39. Qxg3 Rxg3 40. Kxh2 R3g6 41. a3 Rh6+ 42. Kg1 Rgh7 43. Kf2 Kg7 44. Ke3 Kf6 45. Kf4 Rh4+ 46. Kg3 R4h6 47. Ree1 Rg7+ 48. Kf4 Rh4+ 49. Ke3 Rgh7 50. Kf2 Rg7 51. Rh1 Rgh7 52. Rxh4 Rxh4 53. Kg3 Rh7 54. Kf4 Rh4+ 55. Kg3 Rh7 56. Rf1 Rg7+ 57. Kf4 Rh7 58. g3 Rh2 59. Rb1 Rf2 60. Ke3 Rh2 61. b3 Rc2 62. bxc4 Rxc3+ 63. Kf4 dxc4 64. Ra1 Rd3 65. d5 Rd4+ 66. Ke3 Rd3+ 67. Kf4 exd5 68. Rh1 Rxa3 69. Rh6+ Ke7 70. Bxd5 c3 71. Ke5 c2 72. Rh7+ Kd8 73. Rh1 Rc3 74. Rc1 Bc6 75. Be6 Be4 76. Kd4 Rxg3 77. Bd5 Rd3+ 78. Kc5 Rxd5+ 79. Kb4 Rd1 0-1


[Site "https://www.chess.com"]

[Event "Titled Tuesday Blitz July 11 Early 2023"]
[White "Levine, David"]
[Black "Kielinkei"]
[WhiteFideId "2011611"]
[WhiteElo "2029"]
[BlackElo "2416"]
[Result "0-1"]
[Round "5"]
[TimeControl "180+2"]
[Date "2023.07.11"]
[WhiteClock "0:00:00"]
[BlackClock "0:00:03"]
[Board "149"]

1. d4 Nf6 2. c4 e6 3. g3 c5 4. d5 exd5 5. cxd5 b5 6. e4 Nxe4 7. Bg2 Nd6 8. Nf3 Be7 9. O-O O-O 10. Bf4 Bb7 11. a4 b4 12. a5 Na6 13. Re1 Nc7 14. Ne5 Re8 15. Qd3 Ba6 16. Qf3 Bf6 17. Nd2 Bb7 18. Qd3 g5 19. Nxf7 Nxf7 20. Bxc7 Qxc7 21. d6 Nxd6 22. Bxb7 Nxb7 23. Qf5 Rf8 24. Ne4 Qe5 25. Qxd7 Rab8 26. a6 Nd8 27. Qxa7 Nf7 28. Nxf6+ Qxf6 29. Re7 Ra8 30. Qb7 Ne5 31. Rf1 g4 32. Rxh7 Nf3+ 0-1


[Site "https://www.chess.com"]

[Event "Titled Tuesday Blitz July 11 Early 2023"]
[White "Fernandez, Michael"]
[Black "Ahmad, Khagan"]
[WhiteFideId "5803560"]
[BlackFideId "13431552"]
[WhiteElo "2352"]
[BlackElo "2622"]
[Result "0-1"]
[Round "5"]
[TimeControl "180+2"]
[Date "2023.07.11"]
[WhiteClock "0:00:04"]
[BlackClock "0:00:05"]
[Board "150"]

1. c4 Nf6 2. g3 e6 3. Bg2 d5 4. Nf3 dxc4 5. O-O Be7 6. Na3 O-O 7. Nxc4 c6 8. d4 Nbd7 9. Bf4 Nd5 10. Bd2 N7b6 11. Qc2 Nxc4 12. Qxc4 Bd7 13. e4 Nb6 14. Qc2 a5 15. Rac1 Bb4 16. Ne5 Be8 17. Be3 f6 18. Nd3 Be7 19. Rfd1 Bh5 20. Re1 Bf7 21. Nc5 Rb8 22. Red1 Nd7 23. Bh3 Nxc5 24. dxc5 Qc7 25. Rd2 Rfd8 26. Rcd1 Rxd2 27. Rxd2 Rd8 28. Qc4 e5 29. Be6 Bxe6 30. Qxe6+ Kf8 31. Qf5 Rxd2 32. Bxd2 Qd8 33. Be3 Kg8 34. h4 Qd1+ 35. Kg2 Qc2 36. Qe6+ Kf8 37. Qc8+ Kf7 38. Qxb7 Qxe4+ 39. Kh2 Qd5 40. h5 h6 41. Qa7 Qxa2 42. Qd7 Qd5 43. Qa7 f5 44. Qxa5 f4 45. gxf4 exf4 46. Bxf4 Qxh5+ 47. Kg2 Qxc5 48. Qa2+ Qd5+ 49. Qxd5+ cxd5 50. Kf3 Ke6 51. b3 Bb4 52. Be3 Ke5 53. Ke2 h5 54. Kd3 g6 55. Bd4+ Kf5 56. Be3 h4 57. f3 h3 58. Bg1 Bd6 59. Kd4 h2 60. Bxh2 Bxh2 61. Kxd5 Bc7 0-1


[Site "https://www.chess.com"]

[Event "Titled Tuesday Blitz July 11 Early 2023"]
[White "Mejia, Cherry Ann"]
[Black "Pinheiro, Iung Alicio de O."]
[WhiteFideId "5206880"]
[BlackFideId "2104350"]
[WhiteElo "2351"]
[BlackElo "2578"]
[Result "1-0"]
[Round "5"]
[TimeControl "180+2"]
[Date "2023.07.11"]
[WhiteClock "0:01:43"]
[BlackClock "0:00:00"]
[Board "151"]

1. e4 e6 2. d4 d5 3. e5 c5 4. c3 Nc6 5. g3 Qb6 6. Ne2 Bd7 7. Bh3 Rc8 8. O-O cxd4 9. cxd4 Nge7 10. Nbc3 Na5 11. b3 h5 12. Be3 h4 13. gxh4 Ng6 14. Rc1 Nxh4 15. Nf4 Ba3 16. Rc2 Bb4 17. Ncxd5 exd5 18. Bxd7+ Kxd7 19. Qg4+ Ke7 20. Nxd5+ 1-0


[Site "https://www.chess.com"]

[Event "Titled Tuesday Blitz July 11 Early 2023"]
[White "Janaszak, Dawid"]
[Black "Shapiro, Daniel"]
[WhiteFideId "1119206"]
[BlackFideId "2001780"]
[WhiteElo "2571"]
[BlackElo "2337"]
[Result "1-0"]
[Round "5"]
[TimeControl "180+2"]
[Date "2023.07.11"]
[WhiteClock "0:00:39"]
[BlackClock "0:00:08"]
[Board "152"]

1. Nc3 c5 2. Nf3 e6 3. d4 cxd4 4. Nxd4 a6 5. g3 Qc7 6. Bg2 Nf6 7. O-O Nc6 8. e4 Be7 9. a4 Rb8 10. Nb3 b5 11. a5 d6 12. Be3 Nd7 13. Kh1 O-O 14. f3 Bb7 15. g4 Rbc8 16. Rf2 Nce5 17. f4 Nc4 18. Bc1 Nb8 19. f5 Bf6 20. g5 Be5 21. f6 Nxb2 22. Bxb2 Bxc3 23. fxg7 Kxg7 24. Bxc3+ Qxc3 25. Nd4 Rc4 26. Nxe6+ fxe6 27. Rxf8 Kxf8 28. Qxd6+ Ke8 29. Qxe6+ Kd8 30. Rd1+ Rd4 31. Qf6+ Kc7 32. Qxd4 Qxd4 33. Rxd4 Nc6 34. Rd2 Nxa5 35. e5 Bxg2+ 36. Kxg2 Nc6 37. e6 a5 38. Rd5 b4 39. h4 a4 40. h5 a3 41. g6 hxg6 42. h6 a2 43. Rd1 1-0


[Site "https://www.chess.com"]

[Event "Titled Tuesday Blitz July 11 Early 2023"]
[White "Chernomordik, Pavel"]
[Black "Fajdetic, Hrvoje"]
[WhiteFideId "2804530"]
[BlackFideId "14501945"]
[WhiteElo "2547"]
[BlackElo "2327"]
[Result "1-0"]
[Round "5"]
[TimeControl "180+2"]
[Date "2023.07.11"]
[WhiteClock "0:01:47"]
[BlackClock "0:00:00"]
[Board "154"]

1. e4 c5 2. Nc3 g6 3. f4 Bg7 4. Nf3 Nc6 5. Bb5 Nd4 6. Bc4 e6 7. e5 Nxf3+ 8. Qxf3 h5 9. Ne4 Nh6 10. Nd6+ Kf8 11. Nxb7 Bxb7 12. Qxb7 Nf5 13. c3 d5 14. Bd3 Bh6 15. Bxf5 gxf5 16. O-O Kg7 17. Qb3 Rg8 18. Qd1 Qh4 19. d4 cxd4 20. cxd4 Kh7 21. Be3 Rg4 22. Rf2 Bxf4 23. Bxf4 Rxf4 24. Rxf4 Qxf4 25. Qxh5+ Kg7 26. Rd1 Rb8 27. Qe2 Rb4 28. Qd2 1-0


[Site "https://www.chess.com"]

[Event "Titled Tuesday Blitz July 11 Early 2023"]
[White "Rosenberg, Evan S"]
[Black "Dushyant Sharma"]
[WhiteFideId "2019299"]
[BlackFideId "25065130"]
[WhiteElo "2323"]
[BlackElo "2503"]
[Result "0-1"]
[Round "5"]
[TimeControl "180+2"]
[Date "2023.07.11"]
[WhiteClock "0:00:44"]
[BlackClock "0:00:35"]
[Board "155"]

1. d4 d5 2. Nf3 e6 3. g3 Nf6 4. Bg2 Be7 5. O-O O-O 6. c4 dxc4 7. Qc2 c5 8. dxc5 Nc6 9. Na3 e5 10. Nxc4 e4 11. Nfe5 Nd4 12. Qb1 Nxe2+ 13. Kh1 Nxc1 14. Rxc1 Bxc5 15. Ne3 Bxe3 16. fxe3 Qe7 17. Nc4 Bg4 18. b3 Bf3 19. Rf1 Bxg2+ 20. Kxg2 Rfd8 21. Rf2 b5 22. Na5 Ng4 23. Re2 Rd3 24. Qg1 Qc5 25. Rc1 Qb6 26. Nc6 Nxe3+ 27. Kh1 Re8 28. a4 bxa4 29. bxa4 Nd5 30. Nxa7 e3 31. Nb5 Nf6 32. Qg2 Red8 33. Rf1 h5 34. h3 Qa6 35. Rf4 Rd2 36. Qf3 Qe6 37. g4 Qa2 38. Nc3 Qa1+ 39. Kg2 Qxc3 40. Kg3 Rxe2 41. Qxe2 Qe5 42. Qf3 e2 43. Qe3 Qxe3+ 44. Kh4 Qxf4 0-1


[Site "https://www.chess.com"]

[Event "Titled Tuesday Blitz July 11 Early 2023"]
[White "Okike, David"]
[Black "Ljukin, Sergei"]
[WhiteFideId "8500134"]
[BlackFideId "14102200"]
[WhiteElo "2309"]
[BlackElo "2496"]
[Result "0-1"]
[Round "5"]
[TimeControl "180+2"]
[Date "2023.07.11"]
[WhiteClock "0:01:01"]
[BlackClock "0:00:09"]
[Board "156"]

1. e4 e6 2. d4 d5 3. Nc3 Bb4 4. e5 Ne7 5. a3 Bxc3+ 6. bxc3 c5 7. Qg4 Qc7 8. Qxg7 Rg8 9. Qxh7 cxd4 10. Ne2 Nbc6 11. f4 Bd7 12. Rb1 dxc3 13. Qd3 O-O-O 14. Nxc3 Na5 15. Ne2 Nc4 16. Bd2 Kb8 17. Nd4 Nf5 18. Nxf5 exf5 19. g3 a6 20. Bg2 Bb5 21. Rxb5 axb5 22. Bb4 Qb6 23. Ke2 f6 24. Rf1 fxe5 25. fxe5 Nxe5 26. Qxf5 Rge8 27. Qf4 Ka8 28. Kd1 Nc4 29. Re1 Ne3+ 30. Rxe3 Qxe3 31. Qxe3 Rxe3 32. Kd2 Re6 33. Bf3 Rh8 34. h4 Rg6 35. Bc3 Rf8 36. Be2 Rxg3 37. h5 Rh3 38. Bg7 Rf2 39. Ke1 Rhh2 40. Bd3 Rfg2 41. h6 Rg1+ 42. Bf1 Rhh1 43. Ke2 Rxf1 44. h7 Rxh7 45. Bd4 Rff7 46. Kd2 Rh5 47. Kc3 Rhf5 48. Kb4 Rf4 49. c3 Rc7 50. Kxb5 Rxd4 51. cxd4 Rc4 52. a4 Rxd4 53. Kc5 Rxa4 54. Kxd5 Ka7 55. Kc5 Ra6 56. Kb5 Rc6 57. Ka5 Rc7 58. Kb5 b6 59. Kb4 Ka6 60. Ka4 Rc4+ 61. Kb3 Kb5 62. Ka3 Rc3+ 63. Kb2 Kb4 64. Ka2 Rc2+ 65. Kb1 Kb3 0-1


[Site "https://www.chess.com"]

[Event "Titled Tuesday Blitz July 11 Early 2023"]
[White "Fonseca Manrique, Enrique"]
[Black "AndresDelgado77"]
[WhiteFideId "5114330"]
[WhiteElo "2492"]
[BlackElo "2301"]
[Result "1-0"]
[Round "5"]
[TimeControl "180+2"]
[Date "2023.07.11"]
[WhiteClock "0:00:11"]
[BlackClock "0:00:00"]
[Board "157"]

1. e4 e6 2. d4 d5 3. Nc3 Nf6 4. Bg5 Bb4 5. e5 h6 6. Bd2 Bxc3 7. bxc3 Ne4 8. Bc1 c5 9. Qg4 Kf8 10. Bd3 Qa5 11. Ne2 Nxc3 12. Bd2 cxd4 13. O-O Nc6 14. Nxd4 Qb4 15. Rab1 Qxd4 16. Qxd4 Nxd4 17. Bxc3 Nc6 18. f4 g6 19. a4 b6 20. Bd2 Bd7 21. c4 dxc4 22. Bxc4 Kg7 23. Rfd1 Rhd8 24. Be3 Na5 25. Bb5 Bxb5 26. axb5 Nc4 27. Bf2 Na3 28. Ra1 Nxb5 29. Rdb1 Nc3 30. Rb4 Rd7 31. Bh4 Nd5 32. Rd4 a5 33. g4 a4 34. f5 gxf5 35. gxf5 exf5 36. Kf2 Ra5 37. Rg1+ Kh7 38. Ra1 a3 39. Rd3 a2 40. Rd2 Nb4 41. Rxd7 Nd3+ 42. Rxd3 1-0


[Site "https://www.chess.com"]

[Event "Titled Tuesday Blitz July 11 Early 2023"]
[White "Manukian, Artak"]
[Black "Clawitter, Craig"]
[WhiteFideId "13301373"]
[BlackFideId "2023105"]
[WhiteElo "2492"]
[BlackElo "2300"]
[Result "1-0"]
[Round "5"]
[TimeControl "180+2"]
[Date "2023.07.11"]
[WhiteClock "0:01:24"]
[BlackClock "0:01:16"]
[Board "158"]

1. e4 e6 2. d4 d5 3. e5 c5 4. c3 Qb6 5. Nf3 Nc6 6. a3 Nh6 7. b4 cxd4 8. cxd4 Nf5 9. Bb2 Bd7 10. g4 Nh6 11. g5 Nf5 12. Bh3 a5 13. Bxf5 exf5 14. Nc3 axb4 15. Nxd5 Qd8 16. axb4 Rxa1 17. Bxa1 Nxb4 18. Ne3 Bb5 19. Qb3 Nd3+ 20. Kd2 Qc8 21. Qxb5+ 1-0


[Site "https://www.chess.com"]

[Event "Titled Tuesday Blitz July 11 Early 2023"]
[White "AlivodicDario"]
[Black "Dwilewicz, Katarzyna"]
[BlackFideId "1148486"]
[WhiteElo "2486"]
[BlackElo "2299"]
[Result "1-0"]
[Round "5"]
[TimeControl "180+2"]
[Date "2023.07.11"]
[WhiteClock "0:00:42"]
[BlackClock "0:00:03"]
[Board "159"]

1. d4 g6 2. c4 Bg7 3. e4 d6 4. Nc3 Nd7 5. Nge2 e5 6. d5 Ne7 7. h4 f5 8. h5 f4 9. hxg6 hxg6 10. Rxh8+ Bxh8 11. f3 Bf6 12. Qc2 Bh4+ 13. Kd1 Kf7 14. Bd2 a5 15. Kc1 Nc5 16. b3 c6 17. Kb2 Bd7 18. Nc1 Qb8 19. Nd3 Nxd3+ 20. Bxd3 Bf2 21. Rh1 Kg7 22. Bxf4 Bd4 23. Bh6+ Kf7 24. Bg5 Qg8 25. Kb1 b5 26. cxb5 cxb5 27. Bxb5 Ra7 28. Bxd7 Rxd7 29. Nb5 Bc5 30. g4 Rb7 31. a4 Nc8 32. Qh2 Kf8 33. Qh6+ Ke8 34. Qh8 Kf8 35. Bf6 Ne7 36. Rh7 Qxh8 37. Rxh8+ Ng8 38. g5 Rf7 39. Kc2 Bb6 40. Nxd6 Rd7 41. Nc4 Bc5 42. Nxe5 Rc7 43. Nxg6+ Kf7 44. Ne5+ Kf8 45. Nc4 Rf7 46. e5 1-0


[Site "https://www.chess.com"]

[Event "Titled Tuesday Blitz July 11 Early 2023"]
[White "Vaglio Munoz, Jaime"]
[Black "Womacka, Mathias"]
[WhiteFideId "6500145"]
[BlackFideId "4611390"]
[WhiteElo "2290"]
[BlackElo "2483"]
[Result "0-1"]
[Round "5"]
[TimeControl "180+2"]
[Date "2023.07.11"]
[WhiteClock "0:00:32"]
[BlackClock "0:00:37"]
[Board "160"]

1. Nf3 c5 2. c4 Nf6 3. b3 e6 4. Bb2 Be7 5. g3 O-O 6. Bg2 d5 7. cxd5 exd5 8. d4 Nc6 9. O-O Bg4 10. Nbd2 Re8 11. h3 Bh5 12. Rc1 cxd4 13. Nxd4 Nxd4 14. Bxd4 Ba3 15. g4 Bxc1 16. Qxc1 Bg6 17. e3 Ne4 18. Nf3 Qa5 19. Qb2 f6 20. b4 Qa4 21. Nd2 Rac8 22. Nxe4 Bxe4 23. f3 Rc2 24. Qb3 Qxb3 25. axb3 Bd3 26. Ra1 a6 27. Kh2 Rec8 28. Kg3 Rc1 29. Ra5 R8c2 30. e4 dxe4 31. fxe4 Bb5 32. e5 fxe5 33. Bd5+ Kf8 34. Bxe5 Rd2 35. Bxb7 Rd3+ 36. Kh4 h6 37. g5 Bd7 38. gxh6 gxh6 39. Kh5 Rxh3+ 40. Kg6 Rg1+ 41. Kh7 Bf5+ 42. Kh8 Rg8# 0-1


[Site "https://www.chess.com"]